 Dungeon Crawl Stone Soup version 0.26-a0-28-gc929df5 (webtiles) character file.

Game seed: 11604306369791225274, levelgen mode: deterministic

28 Cheivey the Firebug (level 3, 0/21 HPs)
             Began as an Octopode Fire Elementalist on May 27, 2020.
             Succumbed to an adder's poison
             ... on level 2 of the Dungeon.
             The game lasted 00:05:08 (2257 turns).

Cheivey the Firebug (Octopode Fire Elementalist)    Turns: 2257, Time: 00:05:09

Health: 0/21       AC:  1    Str:  7    XL:     3   Next: 12%
Magic:  2/6        EV: 13    Int: 18    God:
Gold:   29         SH:  0    Dex: 12    Spells: 5/6 levels left

rFire    . . .     SeeInvis .   h - +0 dagger
rCold    . . .     Gourm    .   (no shield)
rNeg     . . .     Faith    .   (helmet restricted)
rPois    .         Spirit   .   (no amulet)
rElec    .         Reflect  .   (no ring)
rCorr    .         Harm     .   (no ring)
MR       .....                  (no ring)
Stlth    +++.......             (no ring)
HPRegen  0.07/turn              (no ring)
MPRegen  0.10/turn              (no ring)
                                (no ring)
                                (no ring)

@: lethally poisoned (0 -> -3)
A: almost no armour, stealthy swim, amphibious, 8 rings, constrict 8, camouflage
1, gelatinous body 1
a: no special abilities


You were on level 2 of the Dungeon.
You were not hungry.

You visited 1 branch of the dungeon, and saw 2 of its levels.

You collected 29 gold pieces.

Inventory:

Hand Weapons
 h - a +0 dagger (weapon)
Scrolls
 c - a scroll of teleportation {unknown}
 e - a scroll of immolation {unknown}
 j - a scroll of noise {unknown}
 k - a scroll of remove curse {unknown}
 m - a scroll of identify {unknown}
Potions
 a - a potion of haste {unknown}
 b - a potion of lignification {unknown}
 d - a potion of mutation {unknown}
 f - a potion of brilliance {unknown}
 i - a potion of stabbing {unknown}
 n - a potion of magic {unknown}
Comestibles
 g - a ration
 l - a chunk of flesh


   Skills:
 + Level 0.2 Fighting
 - Level 2.0 Dodging
 - Level 2.6 Stealth
 + Level 2.4 Spellcasting
 * Level 1.3 Conjurations
 + Level 3.6 Fire Magic


You had 5 spell levels left.
You knew the following spells:

 Your Spells              Type           Power        Failure   Level  Hunger
a - Foxfire               Conj/Fire      ##..         6%          1    #......

Your spell library contained the following spells:

 Spells                   Type           Power        Failure   Level  Hunger
 Conjure Flame            Conj/Fire      ##......     19%         3    ###....
 Inner Flame              Hex/Fire       #.......     24%         3    ###....
 Sticky Flame             Conj/Fire      ##......     52%         4    #####..
 Fireball                 Conj/Fire      ##........   86%         5    ######.


Dungeon Overview and Level Annotations

Branches:
Dungeon (2/15)

Altars:
Okawaru


Innate Abilities, Weirdness & Mutations

You cannot wear most types of armour.
You are very stealthy in the water. (Stealth+)
You are amphibious.
You can wear up to eight rings at the same time.
You can use your tentacles to constrict eight enemies at once.
Your skin changes colour to match your surroundings (Stealth+).
Your rubbery body absorbs attacks. (AC +1, EV +1)


Message History

You conjure some foxfire!
The jackal misses you.
Your foxfire dissipates!
The foxfire hits the adder.
The adder is heavily wounded.
The adder bites you. The jackal barely misses you. The adder bites you.
You are poisoned.
The adder poisons you! The jackal bites you. The adder bites you.
You feel sick. The jackal bites you.
* * * LOW HITPOINT WARNING * * *
Found a pair of boots.
The rat bites you.
* * * LOW HITPOINT WARNING * * *
* * * LOW HITPOINT WARNING * * *
You feel sick. The jackal misses you. The rat bites you.
* * * LOW HITPOINT WARNING * * *
The jackal bites you but does no damage.
The adder closely misses you. The adder closely misses you.
The jackal closely misses you.
You die...

.......((................>.
.K.###.(###.######.#...รท#.#
#.)..#.# #.#....# #.####.# #
#.##.# #......# ... #.#
#..##### #### #.. #..# ####
#..###### #....@..#
#.###.Sh# #.###.r.######
#.....h.......
#.###......... ...#
##....[... ##..# #########
..># ...##


You could see an adder, 2 jackals and a rat.

Vanquished Creatures
  A dart slug (D:1)
  A bat (D:1)
  2 giant cockroaches (D:1)
  4 goblins (D:1)
  3 jackals (D:1)
  A quokka (D:2)
  3 frilled lizards
  3 kobolds
  5 rats
23 creatures vanquished.

Vanquished Creatures (collateral kills)
  A frilled lizard (D:1)
  2 rats
3 creatures vanquished.

Vanquished Creatures (others)
  65 foxfires
65 creatures vanquished.

Grand Total: 91 creatures vanquished

Notes
Turn   | Place    | Note
-------+----------+-------------------------------------------
     0 | D:1      | Cheivey the Octopode Fire Elementalist began the quest for
                  | the Orb.
     0 | D:1      | Reached XP level 1. HP: 11/11 MP: 3/3
   785 | D:1      | Reached XP level 2. HP: 17/17 MP: 1/5
  2049 | D:2      | Reached XP level 3. HP: 16/21 MP: 0/6
  2129 | D:2      | Found an iron altar of Okawaru.
  2253 | D:2      | HP: 1/21 [rat (1)]
  2257 | D:2      | Succumbed to an adder's poison

Illustrated notes

Levels and vault maps discovered:
D:1:      sevenhm_arrival_forest_fort_small_5, layout_basic
D:2:      layout_basic, okawaru_trees_2

Action                   || total
-------------------------++-------
 Cast: Foxfire           ||    50
  Eat: Ration            ||     1
       Chunk             ||     1
Armor: Skin              ||     6
Dodge: Dodged            ||    38

Table legend:
 A = Non-vault XP
 B = Vault XP
 C = Vault XP percentage of total XP
 D = Non-vault monster count
 E = Vault monster count
 F = Vault count percentage of total count
                 A         B        C        D         E       F
            +---------+---------+-------+---------+---------+-------
      Total |      40 |       0 |   0.0 |      26 |       0 |   0.0
            +---------+---------+-------+---------+---------+-------
        D:1 |      33 |       0 |   0.0 |      20 |       0 |   0.0
        D:2 |       7 |       0 |   0.0 |       6 |       0 |   0.0
            +---------+---------+-------+---------+---------+-------
